Map: Jagannatha LE

Players

SKillous - Winner!

  • Race: Protoss Protoss

Elazer

  • Race: Zerg Zerg

Event: DreamHack SC2 Masters 2021 Winter

VOD

Have the link to the VOD?

Description

Time

  • Played on: Oct. 5, 2021, 2:35 p.m.
  • Length: 32:30

All games in this series

Show
View Real Time Build Order
Export as new Build Order

SKillous Protoss - Winner!

Build Orders: 1 Gate Expand, Oracle Opening, Carriers 

Get SALT Encoding   

  12  0:00  Probe  
  13  0:12  Probe  
  14  0:20  Pylon  
  14  0:24  Probe  
  15  0:38  Probe (Chrono Boost)  
  15  0:40  Gateway  
  16  0:47  Probe (Chrono Boost)  
  16  0:48  Assimilator  
  17  0:52  Probe (Chrono Boost)  
  18  1:04  Probe  
  19  1:16  Probe  
  20  1:25  Nexus  
  20  1:35  Cybernetics Core  
  20  1:38  Probe  
  21  1:45  Assimilator  
  21  1:50  Probe  
  22  1:54  Pylon  
  22  2:02  Probe  
  23  2:09  Adept (Chrono Boost)  
  23  2:10  Probe  
  26  2:18  Probe  
  26  2:19  Stargate  
  27  2:25  Warp Gate  
  27  2:30  Probe (Chrono Boost)  
  27  2:33  Adept  
  30  2:38  Probe (Chrono Boost)  
  32  2:46  Probe (Chrono Boost)  
  32  2:47  Probe (Chrono Boost)  
  33  2:52  Probe (Chrono Boost)  
  33  2:53  Probe  
  33  2:55  Void Ray (Chrono Boost)  
  35  3:04  Probe  
  40  3:06  Probe  
  41  3:14  Pylon  
  41  3:16  Probe  
  41  3:18  Probe  
  43  3:22  Gateway  
  43  3:28  Probe  
  43  3:30  Probe  
  43  3:32  Oracle  
  48  3:40  Probe  
  49  3:42  Probe  
  50  3:51  Nexus  
  50  3:53  Probe (Chrono Boost), Pylon  
  52  3:55  Probe (Chrono Boost)  
  52  4:03  Assimilator  
  52  4:05  Assimilator  
  54  4:10  Probe x2 (Chrono Boost)  
  54  4:14  Stargate  
  54  4:18  Probe (Chrono Boost)  
  54  4:19  Probe (Chrono Boost), Pylon  
  54  4:20  Protoss Air Weapons Level 1  
  56  4:26  Forge  
  56  4:29  Void Ray, Probe (Chrono Boost)  
  56  4:30  Probe (Chrono Boost)  
  58  4:37  Probe  
  63  4:39  Probe  
  63  4:44  Pylon  
  64  4:47  Shield Battery  
  64  4:49  Probe  
  64  4:52  Void Ray  
  65  4:56  Probe  
  70  5:02  Probe  
  70  5:04  Robotics Facility  
  70  5:05  Probe  
  72  5:08  Probe  
  72  5:11  Void Ray  
  73  5:16  Probe  
  73  5:17  Probe  
  73  5:20  Probe  
  80  5:23  Pylon  
  80  5:28  Probe  
  81  5:29  Void Ray, Probe (Chrono Boost)  
  81  5:32  Probe (Chrono Boost)  
  83  5:35  Pylon  
  83  5:40  Probe (Chrono Boost)  
  83  5:42  Assimilator, Probe (Chrono Boost)  
  89  5:44  Assimilator  
  89  5:45  Probe (Chrono Boost)  
  89  5:48  Void Ray  
  92  5:50  Probe x2 (Chrono Boost)  
  92  5:51  Probe (Chrono Boost)  
  92  5:54  Robotics Bay  
  92  5:55  Probe (Chrono Boost)  
  98  5:59  Probe  
  98  6:01  Pylon  
  98  6:02  Pylon  
  99  6:07  Photon Cannon  
  99  6:08  Void Ray  
  99  6:09  Photon Cannon  
  99  6:12  Pylon  
  99  6:17  Pylon  
  103  6:24  Probe  
  104  6:25  Void Ray  
  109  6:40  Probe  
  109  6:45  Photon Cannon  
  109  6:47  Fleet Beacon, Stargate  
  109  6:51  Probe  
  109  6:52  Void Ray  
  110  7:01  Probe  
  115  7:03  Nexus, Probe  
  115  7:05  Pylon, Shield Battery  
  115  7:06  Probe  
  117  7:10  Pylon  
  122  7:15  Probe  
  122  7:21  Probe  
  123  7:23  Shield Battery  
  123  7:25  Photon Cannon  
  123  7:27  Photon Cannon  
  123  7:28  Shield Battery  
  123  7:29  Photon Cannon  
  123  7:32  Photon Cannon, Assimilator  
  123  7:33  Carrier x2 (Chrono Boost)  
  123  7:36  Assimilator  
  131  7:39  Zealot  
  133  7:46  Carrier (Chrono Boost)  
  133  7:49  Probe  
  133  7:50  Probe  
  141  7:52  Probe  
  141  7:56  Flux Vanes  
  142  7:59  Protoss Air Weapons Level 2 (Chrono Boost), Twilight Council  
  142  8:04  Protoss Ground Weapons Level 1 (Chrono Boost)  
  142  8:06  Probe x2  
  142  8:08  Observer  
  142  8:12  Probe  
  146  8:17  Gateway  
  146  8:18  Gateway  
  146  8:20  Gateway  
  146  8:22  Pylon  
  152  8:30  Carrier (Chrono Boost)  
  158  8:41  Pylon  
  158  8:42  Gateway  
  158  8:44  Carrier (Chrono Boost)  
  158  8:45  Photon Cannon  
  158  8:46  Carrier (Chrono Boost)  
  164  9:05  Charge  
  164  9:07  Templar Archives  
  164  9:18  Gateway  
  164  9:19  Gateway  
  164  9:22  Gateway  
  164  9:23  Photon Cannon  
  164  9:24  Photon Cannon  
  164  9:27  Photon Cannon, Carrier  
  164  9:29  Photon Cannon  
  170  9:35  Psionic Storm  
  170  9:42  Carrier  
  175  9:51  Pylon  
  175  9:52  Nexus  
  175  9:54  Pylon  
  175  10:02  High Templar x4  
  175  10:06  Photon Cannon  
  183  10:08  Photon Cannon  
  183  10:10  Pylon  
  183  10:13  Photon Cannon  
  181  10:16  Photon Cannon, High Templar  
  181  10:17  High Templar  
  181  10:18  Photon Cannon  
  181  10:20  Photon Cannon  
  185  10:22  Photon Cannon  
  185  10:24  Archon, Shield Battery  
  185  10:29  Protoss Shields Level 1 (Chrono Boost)  
  185  10:31  Assimilator  
  185  10:32  Assimilator  
  185  10:33  Shield Battery  
  185  10:35  Pylon  
  185  10:38  Zealot x4  
  193  10:43  Protoss Air Weapons Level 3 (Chrono Boost), Forge  
  193  10:52  Zealot  
  193  10:55  High Templar, Shield Battery  
  197  10:57  Photon Cannon  
  197  11:09  Observer  
  198  11:15  Stargate  
  198  11:17  Stargate  
  198  11:18  Stargate  
  198  11:19  Protoss Ground Weapons Level 2 (Chrono Boost)  
  198  11:43  Zealot  
  200  11:48  Blink  
  198  12:11  Protoss Shields Level 2 (Chrono Boost)  
  198  12:17  Photon Cannon  
  198  12:22  Photon Cannon  
  198  12:23  Photon Cannon  
  198  12:26  Shield Battery  
  198  12:28  Pylon  
  198  12:43  Unknown  
  198  13:08  Protoss Ground Weapons Level 3 (Chrono Boost)  
  198  13:09  Protoss Air Armor Level 1 (Chrono Boost)  
  198  13:15  Gravitic Boosters (Chrono Boost)  
  198  13:16  Warp Prism (Chrono Boost)  
  198  13:19  Dark Shrine  
  198  13:32  Pylon  
  196  13:41  Photon Cannon  
  196  14:05  Gravitic Drive  
  196  14:07  Photon Cannon  
  196  14:10  Protoss Shields Level 3 (Chrono Boost), Photon Cannon  
  196  14:19  Nexus  
  196  14:21  Pylon  
  196  14:23  Photon Cannon, Shield Battery  
  196  14:24  Photon Cannon x2, Oracle  
  196  14:25  Pylon x2  
  196  14:27  Observer  
  199  14:53  Nexus  
  199  14:58  Gateway  
  199  15:01  Gateway  
  199  15:02  Mothership (Chrono Boost)  
  199  15:03  Pylon  
  199  15:05  Photon Cannon  
  199  15:06  Photon Cannon  
  199  15:08  Photon Cannon  
  199  15:14  Photon Cannon  
  197  15:16  Photon Cannon  
  197  15:18  Photon Cannon  
  197  15:19  Photon Cannon, Protoss Air Armor Level 2 (Chrono Boost)  
  197  15:20  Photon Cannon  
  197  15:29  Photon Cannon  
  197  15:30  Photon Cannon  
  197  15:32  Shield Battery  
  197  15:34  Shield Battery  
  197  15:36  Shield Battery  
  197  15:42  Shield Battery  
  197  15:44  Assimilator  
  197  15:48  Assimilator  
  197  15:55  Pylon  
  195  16:02  Pylon  
  192  16:04  Photon Cannon  
  192  16:06  Photon Cannon  
  192  16:09  Photon Cannon  
  192  16:16  Protoss Ground Armor Level 1 (Chrono Boost)  
  192  16:21  Zealot  
  194  16:26  Photon Cannon  
  194  16:27  Photon Cannon  
  194  16:32  Photon Cannon  
  194  16:33  Photon Cannon  
  194  16:34  Tempest  
  194  16:35  Photon Cannon  
  194  16:37  Photon Cannon  
  194  16:38  Photon Cannon  
  199  16:40  Photon Cannon  
  199  16:42  Photon Cannon  
  199  16:45  Shield Battery  
  199  16:47  Shield Battery  
  199  16:55  Pylon  
  199  17:14  Tempest  
  195  17:15  Tempest  
  200  17:29  Protoss Air Armor Level 3  
  196  17:50  Shield Battery  
  196  17:53  Shield Battery  
  196  17:56  Shield Battery  
  196  17:57  Shield Battery  
  196  18:12  High Templar x4  
  193  18:17  Tempest  
  193  18:19  High Templar x3  
  190  18:31  Zealot x3  
  185  18:35  Oracle x2  
  185  18:37  Protoss Ground Armor Level 2  
  191  18:43  Observer  
  186  18:59  Tempest  
  186  19:00  Tempest  
  194  19:04  Observer  
  198  19:10  Oracle  
  198  19:25  High Templar  
  198  19:26  Shield Battery  
  198  19:27  Shield Battery  
  200  19:45  Shield Battery  
  200  19:47  Shield Battery  
  200  20:21  Nexus  
  200  20:24  Pylon  
  200  20:26  Pylon  
  200  20:34  Pylon  
  200  21:00  Pylon  
  200  21:16  Protoss Ground Armor Level 3 (Chrono Boost)  
  200  21:19  Shield Battery  
  200  21:21  Shield Battery  
  200  21:32  Photon Cannon  
  200  21:34  Photon Cannon  
  200  21:35  Photon Cannon  
  200  21:38  Photon Cannon  
  197  21:41  High Templar x2  
  197  21:42  High Templar  
  180  22:12  Carrier x3  
  198  22:29  Stalker  
  200  23:03  Pylon  
  200  23:10  Pylon  
  200  23:14  Nexus  
  200  23:16  Photon Cannon  
  200  23:18  Photon Cannon, Pylon  
  200  23:19  Photon Cannon  
  200  23:21  Photon Cannon  
  200  23:22  Photon Cannon  
  200  23:24  Photon Cannon  
  200  23:27  Shield Battery  
  200  23:28  Shield Battery  
  200  23:29  Shield Battery  
  200  23:30  Shield Battery  
  200  23:32  Shield Battery  
  187  23:43  Shield Battery  
  187  23:44  Pylon, Shield Battery  
  185  23:54  Carrier x2  
  194  24:21  Pylon  
  188  24:32  Nexus  
  188  24:36  Carrier x2  
  197  24:49  Shield Battery x2  
  197  24:51  Photon Cannon x2  
  197  24:52  Oracle  
  200  25:05  Pylon  
  187  25:37  Carrier x2  
  199  25:47  Pylon  
  199  26:19  Pylon  
  199  26:50  Shield Battery  
  199  26:51  Shield Battery  
  183  27:31  Void Ray x2 (Chrono Boost)  
  170  27:38  Void Ray x4 (Chrono Boost)  
  166  27:45  Stalker x6  
  166  27:46  Stalker x4  
  134  28:05  Void Ray x2 (Chrono Boost)  
  134  28:10  Observer  
  134  28:12  Void Ray x4 (Chrono Boost)  
  146  28:24  Zealot x10  
  158  28:40  Void Ray x2 (Chrono Boost)  
  138  28:49  Carrier (Chrono Boost)  
  138  28:53  Void Ray x3 (Chrono Boost)  
  116  29:18  Void Ray x2 (Chrono Boost)  
  116  29:23  Void Ray x3 (Chrono Boost)  
  129  29:40  Void Ray (Chrono Boost)  
  113  29:49  Void Ray (Chrono Boost)  
  113  29:50  Void Ray (Chrono Boost)  
  103  29:57  High Templar x6  
  103  29:58  High Templar x4  
  125  30:01  Archon  
  125  30:02  Archon x3  
  125  30:03  Archon  
  125  30:05  Nexus  
  135  30:07  Void Ray x3 (Chrono Boost), Pylon  
  135  30:10  Observer  
  130  30:14  Void Ray (Chrono Boost)  
  130  30:20  Void Ray (Chrono Boost)  
  130  30:21  Void Ray (Chrono Boost)  
  122  30:27  Photon Cannon  
  130  30:33  High Templar x4  
  130  30:34  High Templar x3  
  130  30:35  High Templar  
  146  30:37  Void Ray x3 (Chrono Boost)  
  146  30:38  Archon x2  
  146  30:39  Archon  
  146  30:40  High Templar x2  
  158  30:51  Void Ray (Chrono Boost)  
  162  31:01  Void Ray (Chrono Boost)  
  162  31:02  Observer  
  167  31:08  High Templar x2  
  167  31:09  High Templar x2  
  171  31:14  Archon  
  171  31:16  Archon  
  171  31:23  Observer  
  163  31:44  Observer  
  126  32:00  Zealot x6  
  126  32:01  Zealot x4  
  138  32:06  Observer  
Show
View Real Time Build Order
Export as new Build Order

Elazer Zerg 

Build Orders: Hatch First 

Get SALT Encoding   

  12  0:00  Drone  
  13  0:12  Overlord  
  13  0:16  Drone  
  14  0:30  Drone x2  
  16  0:48  Hatchery  
  15  0:52  Drone  
  15  0:55  Drone  
  17  0:59  Drone  
  18  1:09  Extractor  
  17  1:14  Spawning Pool  
  17  1:17  Drone  
  17  1:21  Drone  
  18  1:29  Drone  
  19  1:40  Drone  
  20  1:48  Hatchery  
  20  1:52  Drone  
  20  2:01  Queen  
  20  2:04  Drone  
  20  2:07  Drone  
  24  2:13  Drone  
  25  2:16  Overlord  
  25  2:24  Queen  
  25  2:26  Drone  
  28  2:34  Zergling x2  
  28  2:35  Drone, Zergling x2  
  31  2:41  Queen  
  33  2:46  Metabolic Boost  
  33  2:48  Drone  
  33  2:50  Drone  
  35  2:55  Drone  
  36  3:00  Overlord  
  36  3:03  Queen  
  38  3:06  Drone  
  38  3:07  Drone  
  41  3:12  Drone  
  41  3:13  Drone  
  41  3:18  Queen  
  44  3:23  Overlord  
  44  3:24  Drone  
  44  3:26  Drone x2  
  47  3:31  Spore Crawler  
  47  3:33  Drone x2  
  48  3:35  Drone  
  48  3:38  Overlord  
  49  3:42  Overlord  
  49  3:47  Drone x3  
  52  3:52  Drone x3  
  55  3:57  Roach Warren  
  55  4:01  Overlord  
  55  4:02  Drone x2  
  56  4:04  Drone  
  56  4:05  Drone  
  56  4:07  Drone  
  59  4:11  Queen  
  59  4:13  Drone  
  59  4:14  Drone  
  59  4:15  Drone  
  64  4:17  Drone  
  64  4:18  Drone  
  64  4:21  Overlord  
  66  4:27  Drone x4  
  70  4:33  Drone x4  
  73  4:41  Extractor  
  73  4:42  Drone x8, Extractor  
  79  4:47  Lair  
  79  4:51  Overlord  
  79  4:55  Zergling x4  
  79  4:59  Overlord  
  81  5:05  Overlord  
  81  5:06  Overlord  
  81  5:08  Hatchery  
  81  5:09  Queen x2  
  81  5:12  Zergling x10  
  89  5:15  Overlord  
  89  5:20  Overlord  
  89  5:27  Zergling x4  
  89  5:28  Overlord  
  91  5:33  Drone x3  
  91  5:35  Extractor x2  
  91  5:36  Evolution Chamber  
  91  5:37  Drone  
  91  5:39  Drone x3, Extractor  
  91  5:40  Overlord  
  93  5:45  Overseer  
  93  5:47  Glial Reconstitution  
  93  5:48  Queen x2  
  93  5:49  Infestation Pit  
  96  5:52  Overlord  
  96  5:54  Zergling x10  
  101  5:58  Drone  
  101  6:01  Overlord  
  101  6:06  Queen  
  103  6:14  Drone x8  
  103  6:16  Overlord  
  111  6:21  Queen  
  111  6:24  Queen x2  
  111  6:25  Drone x4  
  119  6:26  Drone x2  
  119  6:32  Overlord  
  123  6:33  Drone x3  
  123  6:36  Drone x3  
  123  6:37  Zerg Missile Weapons Level 1  
  129  6:40  Overseer  
  129  6:41  Overlord  
  129  6:44  Hive  
  129  6:49  Spire  
  129  6:51  Evolution Chamber  
  129  6:53  Overlord  
  127  6:55  Extractor  
  127  6:56  Extractor  
  127  6:58  Spore Crawler  
  127  6:59  Overseer  
  124  7:09  Queen x3  
  124  7:12  Overlord  
  124  7:14  Drone x4  
  124  7:15  Drone x6  
  139  7:16  Drone, Overlord  
  139  7:21  Zerg Ground Armor Level 1  
  136  7:24  Pathogen Glands  
  136  7:30  Zergling x8  
  136  7:33  Drone x3, Spine Crawler x2  
  136  7:34  Drone  
  142  7:39  Overlord  
  142  7:43  Spore Crawler  
  141  7:45  Queen x2, Spore Crawler  
  143  8:07  Viper x3  
  143  8:09  Greater Spire  
  143  8:12  Infestor x3  
  158  8:26  Spine Crawler x3  
  155  8:27  Spine Crawler  
  155  8:28  Zergling x4, Spine Crawler  
  155  8:29  Zergling x10  
  155  8:30  Hatchery, Adrenal Glands  
  155  8:32  Zerg Melee Weapons Level 1  
  159  8:38  Corruptor x4  
  167  8:47  Drone x5  
  167  8:48  Drone x3  
  174  8:50  Spine Crawler  
  174  8:52  Spine Crawler  
  174  8:53  Spine Crawler  
  174  8:55  Overlord  
  171  8:56  Corruptor x2  
  171  8:57  Corruptor x2  
  177  9:09  Spine Crawler, Spore Crawler  
  174  9:10  Spore Crawler x2  
  174  9:16  Drone x4  
  176  9:18  Spore Crawler  
  176  9:19  Spore Crawler x2  
  176  9:24  Zerg Flyer Armor Level 1  
  173  9:25  Brood Lord x3  
  179  9:31  Brood Lord  
  179  9:32  Brood Lord  
  179  9:34  Brood Lord  
  184  9:39  Brood Lord  
  184  9:42  Brood Lord  
  181  9:54  Spore Crawler  
  181  9:56  Spore Crawler  
  181  9:57  Spore Crawler x2  
  181  9:59  Spore Crawler  
  176  10:00  Spore Crawler  
  176  10:04  Zergling x16  
  182  10:12  Zerg Ground Armor Level 2  
  182  10:13  Spire  
  180  10:16  Drone x8  
  180  10:20  Spine Crawler x2  
  186  10:21  Spine Crawler  
  186  10:22  Overseer  
  186  10:23  Pneumatized Carapace, Overseer  
  185  10:29  Zerg Melee Weapons Level 2  
  185  10:31  Overseer  
  185  10:37  Drone x3  
  185  10:38  Drone x3  
  185  10:41  Spore Crawler  
  190  10:43  Spore Crawler  
  190  10:44  Spore Crawler x2  
  187  10:51  Spine Crawler, Spore Crawler  
  187  10:53  Spine Crawler  
  184  11:01  Spore Crawler x2  
  184  11:02  Spore Crawler x2  
  180  11:05  Spore Crawler  
  179  11:14  Spore Crawler x2  
  179  11:15  Spore Crawler  
  179  11:16  Spore Crawler  
  179  11:17  Spore Crawler  
  174  11:19  Spore Crawler  
  173  11:32  Drone x3  
  176  11:33  Drone x3  
  176  11:34  Zerg Flyer Weapons Level 1, Zerg Flyer Armor Level 2  
  176  11:37  Viper x2  
  176  11:39  Infestor x2  
  189  11:45  Extractor  
  189  11:46  Extractor  
  187  11:48  Drone x2  
  187  11:49  Drone x4  
  192  11:54  Spore Crawler  
  192  11:55  Spore Crawler x2  
  192  11:58  Ultralisk Cavern  
  192  11:59  Spore Crawler  
  192  12:01  Baneling Nest, Spore Crawler x2  
  184  12:17  Drone x3  
  189  12:22  Drone x2  
  189  12:23  Drone x2  
  189  12:25  Spore Crawler  
  189  12:26  Spore Crawler  
  189  12:27  Spore Crawler  
  189  12:28  Spore Crawler  
  189  12:29  Spore Crawler  
  186  12:30  Spore Crawler  
  186  12:31  Spore Crawler  
  186  12:32  Spore Crawler  
  186  12:34  Zerg Ground Armor Level 3, Spore Crawler x2  
  186  12:35  Spore Crawler  
  180  12:47  Chitinous Plating, Centrifugal Hooks  
  180  12:54  Ultralisk  
  186  13:07  Ultralisk x2  
  197  13:32  Drone x3  
  200  13:34  Zerg Flyer Weapons Level 2  
  200  13:35  Zerg Melee Weapons Level 3  
  200  13:43  Overseer x6  
  200  13:45  Overseer  
  200  13:52  Zerg Flyer Armor Level 3  
  200  13:59  Spore Crawler  
  200  14:00  Spore Crawler  
  200  14:01  Spore Crawler  
  200  14:02  Spore Crawler  
  196  14:03  Spore Crawler  
  196  14:05  Spore Crawler  
  196  14:06  Spore Crawler  
  196  14:07  Spore Crawler  
  192  14:12  Drone x3  
  192  14:13  Drone x3  
  198  14:18  Overseer, Anabolic Synthesis  
  197  14:35  Burrow  
  197  14:37  Ultralisk x2  
  189  14:48  Drone x2  
  189  14:49  Drone x3  
  190  14:55  Zergling x16  
  190  14:56  Zergling x2  
  197  15:22  Zerg Missile Weapons Level 2  
  197  15:23  Baneling x15  
  197  15:27  Zergling x2  
  197  15:28  Zergling x4, Hatchery  
  181  16:06  Corruptor x9  
  199  16:15  Zerg Flyer Weapons Level 3  
  198  16:52  Corruptor x2  
  194  17:11  Zergling x12  
  199  17:45  Extractor x2  
  191  18:30  Corruptor x4  
  192  19:00  Hatchery  
  187  19:07  Brood Lord x2  
  191  19:15  Zergling x12  
  197  20:11  Neural Parasite  
  197  20:22  Drone x3  
  197  20:26  Spore Crawler  
  197  20:27  Spore Crawler  
  198  20:28  Spore Crawler  
  198  20:29  Spore Crawler x2  
  198  20:30  Spore Crawler  
  194  20:37  Spore Crawler x3  
  180  20:52  Zergling x14  
  180  20:53  Zergling x14  
  180  20:55  Infestor x4  
  194  21:21  Baneling x10  
  186  21:53  Infestor x2  
  187  21:59  Infestor  
  187  22:00  Infestor x3  
  160  22:17  Corruptor x6  
  160  22:19  Brood Lord x5  
  168  22:30  Infestor x2  
  168  22:40  Corruptor x6  
  168  22:43  Zergling x2  
  168  22:44  Zergling x16  
  173  22:54  Brood Lord  
  173  22:55  Brood Lord x2  
  173  22:57  Ultralisk x2, Zergling x16  
  199  23:08  Spore Crawler x3  
  199  23:09  Spore Crawler  
  199  23:10  Spore Crawler  
  199  23:11  Spore Crawler x2  
  199  23:12  Hatchery  
  191  23:13  Corruptor x4  
  199  23:56  Hatchery  
  198  24:10  Queen  
  198  24:13  Infestor x8  
  198  24:17  Corruptor  
  200  24:29  Extractor  
  200  24:30  Extractor  
  200  24:31  Viper  
  198  24:44  Overlord  
  198  24:45  Overlord  
  198  25:26  Extractor  
  197  25:29  Infestor x8  
  197  25:38  Viper  
  200  25:44  Spore Crawler  
  200  25:45  Spore Crawler x2  
  200  25:47  Spore Crawler  
  196  25:54  Hatchery  
  195  26:24  Hatchery  
  189  26:34  Extractor  
  189  26:35  Extractor  
  187  26:45  Viper x2  
  187  26:46  Corruptor x3  
  199  26:47  Infestor x3  
  199  27:04  Overseer x5  
  199  27:05  Overlord x4  
  187  27:41  Corruptor  
  187  27:42  Corruptor x5  
  185  27:49  Corruptor x6  
  184  27:54  Infestor x4  
  184  27:55  Corruptor  
  184  27:56  Corruptor x7  
  165  28:08  Corruptor x7  
  175  28:17  Corruptor x7  
  175  28:19  Queen x5  
  161  28:38  Zergling x24  
  157  28:48  Corruptor x6  
  151  28:58  Corruptor x5  
  150  29:06  Corruptor x3  
  148  29:13  Corruptor x4  
  144  29:21  Corruptor x6  
  146  29:24  Queen x2  
  147  29:32  Ultralisk x3, Zergling x12  
  149  29:46  Corruptor x2  
  147  29:53  Zergling x26  
  154  30:00  Drone x4  
  147  30:24  Brood Lord x2  
  147  30:50  Brood Lord  
  138  31:12  Hatchery  
  138  31:15  Brood Lord  
  139  31:36  Extractor  
  110  31:58  Corruptor x2  
  93  32:12  Zergling x16  
  93  32:13  Zergling x10  

Tags
 
Add a new tag
Caveats
  • Supply blocks, unpowered buildings, or Contaminate may cause inaccurate times.
  • Supply counts are checked every 10 seconds.